 Dungeon Crawl Stone Soup version 0.14-a0-1378-gf8e6a88 (webtiles) character file.

2634 Drahman the Fighter (level 9, -1/83 HPs)
             Began as a Black Draconian Monk on Dec 8, 2013.
             Was an Elder of Nemelex Xobeh.
             Slain by a giant goldfish (13 damage)
             ... on Level 6 of the Dungeon.
             The game lasted 00:27:55 (7475 turns).

Drahman the Fighter (Black Draconian Monk)          Turns: 7475, Time: 00:27:56

HP  -1/83        AC  8     Str 20      XL: 9   Next: 23%
MP  18/18        EV 13     Int 15      God: Nemelex Xobeh [****..]
Gold 224         SH  0     Dex 13      Spells:  0 memorised,  8 levels left

rFire  + . .     SeeInvis .       - Unarmed
rCold  . . .     Clarity  .     (armour unavailable)
rNeg   . . .     Conserve .     (no shield)
rPois  .         rCorr    .     (helmet restricted)
rElec  +         rRot     .     e - +0 cloak
SustAb . .       Spirit   .     (no gloves)
rMut   .         Warding  .     (no boots)
Saprov . . .     Stasis   +     h - amulet "Eteogrun" {Stasis Str+2 Int+5}
                                (no ring)
                                q - ring of protection from fire {unknown}

@: short of breath, flying, slightly resistant to hostile enchantments, fairly
stealthy
A: breathe lightning, unfitting armour, electricity resistance, AC +7
a: Breathe Lightning, Draw One, Peek at Two, Triple Draw, Deal Four, Renounce
Religion


You were on level 6 of the Dungeon.
You worshipped Nemelex Xobeh.
Nemelex Xobeh was greatly pleased with you.
You were hungry.

You visited 2 branches of the dungeon, and saw 7 of its levels.

You collected 224 gold pieces.

Inventory:

Armour
 e - a +0 cloak (worn)
Magical devices
 c - a wand of confusion (11)
 p - a wand of enslavement (12)
Comestibles
 b - 3 bread rations
 i - a choko
 r - 2 meat rations
 x - a rotting chunk of worm flesh
Scrolls
 a - a scroll of immolation
 j - 2 scrolls of amnesia
 l - 2 scrolls of teleportation
 o - a scroll of enchant weapon I
 t - 2 scrolls of remove curse {unknown}
Jewellery
 h - the amulet "Eteogrun" (around neck) {Stasis Str+2 Int+5}
   (You took it off a goblin on level 4 of the Dungeon)

   [amulet of stasis]

   It affects your strength (+2).
   It affects your intelligence (+5).
 q - a ring of protection from fire (left hand) {unknown}
Potions
 d - 3 potions of curing
 f - a potion of agility
 k - a potion of flight
 u - a potion of poison {unknown}
Miscellaneous
 g - a legendary deck of destruction {drawn: 2}
 n - an ornate deck of summonings
 s - a plain deck of destruction {drawn: 10}
Rods
 m - a +0 rod of venom (10/10)
   (You found it on level 5 of the Dungeon)


   Skills:
 + Level 9.0 Fighting
 - Level 2.6 Dodging
 - Level 1.7 Stealth
 + Level 8.6 Unarmed Combat
 * Level 6.7 Evocations


You had 8 spell levels left.
You didn't know any spells.

Dungeon Overview and Level Annotations

Branches:
Dungeon (6/16)             Temple (1/1) D:4

Altars:
Ashenzari
Cheibriados
Elyvilon
Fedhas
Kikubaaqudgha
Makhleb
Nemelex Xobeh
Okawaru
Sif Muna
Trog
Vehumet
Xom
Yredelemnul
Zin
the Shining One

Shops:
D:4 [

Annotations:
D:2 Terence


Innate Abilities, Weirdness & Mutations

You can breathe wild blasts of lightning.
Your glossy black scales are hard (AC +7).
Your body does not fit into most forms of armour.
Your cold-blooded metabolism reacts poorly to cold.
You are resistant to electric shocks.


Message History

Use which ability? (? or * to list)
You breathe a wild blast of lightning!
The orb of electricity explodes!
You hear a mighty clap of thunder!
You feel somewhat more hungry.
The kobold shouts!
The giant goldfish bites you!
You closely miss the giant goldfish.
The giant goldfish is severely wounded.
The giant goldfish barely misses you.
Your unstable footing causes you to fumble your attack.
Your unstable footing causes you to fumble your attack.
The giant goldfish bites you.
* * * LOW HITPOINT WARNING * * *
Drink which item? (? for menu, Esc to quit)
You feel very buoyant.
You fly up into the air.
The giant goldfish bites you!
* * * LOW HITPOINT WARNING * * *
The giant goldfish bites you!
You die...
Your body glows slightly and disappears.

###≈≈ ≈### ##≈≈≈ ≈≈≈##
#≈≈≈#######≈≈≈#
#≈≈≈#{≈≈≈≈#≈≈≈#
#≈≈≈'{{≈≈≈#≈≈≈#
########≈≈≈#{≈≈≈≈#≈≈≈#
........≈≈≈#######≈≈≈#
....#####≈≈≈K≈≈≈≈;≈≈##
+###.## #.#≈≈≈≈≈@%###
.≈≈##.###.#########
P..≈##.##.#
⌠.P.≈#.##.#
....≈#.##.##
.8.P.'.....#
....≈#.##..#
⌠.P.≈#.##..#
P..≈##.##..#


You could see a giant goldfish and a kobold.

Vanquished Creatures
  The ghost of thfral the Grappler, an experienced TrMo (D:6)
  Pikel (D:4)
  A phantom (D:4)
  2 ogres
  A giant goldfish (D:6)
  A centaur (D:5)
  An ice beast (D:6)
  2 slaves (D:4)
  Sigmund (D:3)
  Blork the orc (D:4)
  A giant frog (D:6)
  An electric eel (D:6)
  A jellyfish (D:6)
  Eustachio (D:4)
  A water moccasin zombie (D:5)
  3 crimson imps (D:5)
  Crazy Yiuf (D:4)
  2 hounds
  2 worker ants
  2 orc wizards (D:4)
  A worker ant zombie (D:5)
  5 adders
  A giant mite (D:4)
  15 worms
  3 giant eyeballs
  An orc (D:4)
  5 bats
  6 giant cockroaches
  8 goblins
  7 hobgoblins
  3 jackals (D:1)
  A quokka (D:3)
  4 giant geckos
  5 giant newts
  2 giant spores
  A hobgoblin skeleton (D:4)
  11 kobolds
  9 rats
  7 ballistomycetes
122 creatures vanquished.

Vanquished Creatures (others)
  A slave (D:4)
  An orc (D:4)
  A rat (D:4)
3 creatures vanquished.

Grand Total: 125 creatures vanquished

Notes
Turn   | Place    | Note
--------------------------------------------------------------
     0 | D:1      | Drahman, the Draconian Monk, began the quest for the Orb.
     0 | D:1      | Reached XP level 1. HP: 19/19 MP: 1/1
   514 | D:1      | Reached XP level 2. HP: 26/26 MP: 2/2
  1036 | D:2      | Noticed Terence
  1217 | D:2      | Reached XP level 3. HP: 29/33 MP: 3/3
  1590 | D:2      | Found a deep blue altar of Sif Muna.
  1677 | D:3      | Noticed Sigmund
  1685 | D:3      | Killed Sigmund
  1685 | D:3      | Reached skill level 5 in Fighting
  1685 | D:3      | Reached skill level 5 in Unarmed Combat
  1685 | D:3      | Reached XP level 4. HP: 32/42 MP: 4/4
  1794 | D:3      | Found a white marble altar of Elyvilon.
  2351 | D:4      | Noticed Eustachio
  2364 | D:4      | Killed Eustachio
  2364 | D:4      | Reached XP level 5. HP: 48/48 MP: 5/5
  2454 | D:4      | Noticed a slave
  2454 | D:4      | Noticed a slave
  2455 | D:4      | Noticed Pikel
  2634 | D:4      | Noticed a slave
  2893 | D:4      | Killed a slave
  3096 | D:4      | Killed a slave
  3227 | D:4      | Noticed a slave
  3262 | D:4      | Killed Pikel
  3262 | D:4      | Reached skill level 6 in Fighting
  3262 | D:4      | Reached XP level 6. HP: 19/58 MP: 6/6
  3262 | D:4      | Your scales start taking on a glossy black colour.
  3262 | D:4      | Gained mutation: You are resistant to electric shocks. [draconian maturity]
  3262 | D:4      | Reached XP level 7. HP: 20/64 MP: 7/7
  3433 | D:4      | Killed a freed slave
  3478 | D:4      | Found a staircase to the Ecumenical Temple.
  3485 | Temple   | Entered the Ecumenical Temple
  3511 | Temple   | Became a worshipper of Nemelex Xobeh
  3511 | Temple   | Received a gift from Nemelex Xobeh
  3511 | Temple   | Acquired Nemelex Xobeh's first power
  3525 | Temple   | Acquired Nemelex Xobeh's second power
  3785 | D:4      | Noticed a phantom
  3800 | D:4      | Noticed Blork the orc
  3806 | D:4      | Killed a phantom
  4108 | D:4      | Acquired Nemelex Xobeh's third power
  4108 | D:4      | Received a gift from Nemelex Xobeh
  4111 | D:4      | Killed Blork the orc
  4111 | D:4      | Reached skill level 7 in Fighting
  4121 | D:4      | Got a brightly glowing diamond amulet
  4196 | D:4      | Noticed an ogre
  4225 | D:4      | Killed an ogre
  4461 | D:4      | Found Voitoicw's Armour Shop.
  4529 | D:4      | Noticed Crazy Yiuf
  4544 | D:4      | Killed Crazy Yiuf
  4696 | D:5      | Entered Level 5 of the Dungeon
  4757 | D:5      | Identified a +0 rod of venom (10/10) (You found it on level 5 of the Dungeon)
  4844 | D:5      | Reached skill level 1 in Evocations
  5053 | D:5      | Reached XP level 8. HP: 74/74 MP: 10/12
  5102 | D:5      | Found a glowing silver altar of Zin.
  5105 | D:5      | Noticed an angel
  5108 | D:5      | Found a burning altar of Makhleb.
  5108 | D:5      | Noticed a cacodemon
  5111 | D:5      | Received a gift from Nemelex Xobeh
  5613 | D:5      | Reached skill level 8 in Fighting
  5856 | D:5      | Identified the amulet "Eteogrun" {Stasis Str+2 Int+5} (You took it off a goblin on level 4 of the Dungeon)
  5903 | D:6      | Noticed thfral's ghost (experienced TrMo)
  6120 | D:6      | Killed thfral's ghost
  6120 | D:6      | Reached skill level 5 in Evocations
  6463 | D:6      | Acquired Nemelex Xobeh's fourth power
  6613 | D:6      | Reached XP level 9. HP: 82/82 MP: 16/18
  7431 | D:6      | Reached skill level 9 in Fighting
  7475 | D:6      | Slain by a giant goldfish

Action                   |  1- 3 |  4- 6 |  7- 9 || total
-------------------------+-------+-------+-------++-------
Melee: Unarmed           |   115 |   125 |   303 ||   543
Invok: Draw One          |       |       |    12 ||    12
 Abil: Breathe Lightning |       |       |     8 ||     8
Evoke: Wand              |       |     4 |     7 ||    11
  Use: Scroll            |    12 |     2 |     6 ||    20
       Potion            |     3 |     5 |     2 ||    10
 Stab: Sleeping          |     2 |     1 |       ||     3
       Distracted        |       |       |     2 ||     2
